 Dungeon Crawl Stone Soup version 0.30-a0-177-g1cb5dbfd7a (webtiles) character file.

Game seed: 400707671783902706

463 Zonian the Sneak (level 7, -2/36 HPs)
             Began as a Vine Stalker Brigand on Oct 2, 2022.
             Slain by a gnoll
             ... wielding a +4 halberd
              (9 damage)
             ... on level 5 of the Dungeon.
             The game lasted 00:07:24 (3804 turns).

Zonian the Sneak (Vine Stalker Brigand)             Turns: 3804, Time: 00:07:25

Health: -2/36      AC:  4    Str: 13    XL:     7   Next: 7%
Magic:  0/8        EV: 13    Int: 11    God:
Gold:   385        SH:  0    Dex: 18    Spells: 6/6 levels left

rFire   . . .      SeeInvis .    a - +2 dagger
rCold   . . .      Faith    .    (no shield)
rNeg    . . .      Spirit   +    b - +0 robe
rPois   .          Reflect  .    (no helmet)
rElec   .          Harm     .    c - +1 cloak
rCorr   .          Rampage  .    (no gloves)
Will    .....                    (no boots)
Stlth   +++.......               (no amulet)
HPRegen 1.06/turn                (no ring)
MPRegen 0.11/turn                (no ring)

@: no status effects
A: fangs 2, regeneration 1, magic shield, antimagic bite, no potion heal 2
a: no special abilities


You were on level 5 of the Dungeon.
You visited 1 branch of the dungeon, and saw 5 of its levels.

You collected 385 gold pieces.

Inventory:

Hand Weapons
 a - a +2 dagger (weapon)
 n - a +0 hand axe of venom
Missiles
 d - 18 poisoned darts (quivered)
 e - 3 curare-tipped darts
 p - 3 javelins
Armour
 b - a +0 robe (worn)
 c - a +1 cloak (worn)
Jewellery
 g - a ring of positive energy
Scrolls
 h - 2 scrolls of magic mapping
 l - a scroll of fear {unknown}
Potions
 f - 2 potions of cancellation
 i - 2 potions of ambrosia
 j - a potion of mutation {unknown}
 k - a potion of magic {unknown}
 m - a potion of might {unknown}
 o - a potion of attraction {unknown}
 q - a potion of brilliance {unknown}


   Skills:
 + Level 3.3 Fighting
 + Level 3.4 Short Blades
 + Level 3.3 Throwing
 + Level 2.5 Dodging
 + Level 6.3 Stealth


You had 6 spell levels left.
You didn't know any spells.
Your spell library contained the following spells:

 Spells                   Type           Power      Damage    Failure   Level
 Ensorcelled Hibernation  Hex/Ice        0%         N/A       47%         2
 Passwall                 Tmut/Erth      0%         N/A       47%         2
 Sublimation of Blood     Necr           0%         N/A       47%         2
 Ozocubu's Armour         Ice            0%         N/A       71%         3
 Swiftness                Air            0%         N/A       71%         3
 Petrify                  Tmut/Erth      0%         N/A       98%         4
 Irradiate                Conj/Tmut      0%         3d11      100%        5
 Ozocubu's Refrigeration  Ice            0%         4d7       100%        7


Dungeon Overview and Level Annotations

Branches:
Dungeon (5/15)
 Temple: D:4-7

Altars:
Hepliaklqana
Okawaru
Ru
Sif Muna

Shops:
D:1 ?   D:4 !


Innate Abilities, Weirdness & Mutations

You have extremely sharp teeth.
Your natural rate of healing is unusually fast.
When hurt, damage is shared between your health and your magic reserves.
Your bite disrupts and absorbs the magic of your enemies.
Potions cannot restore your health.


Message History

The hobgoblin is heavily wounded.
The hobgoblin closely misses you. x2
You hit the hobgoblin.
You kill the hobgoblin!
The hobgoblin hits you but does no damage.
The gnoll hits you from afar with a +4 halberd!
The hobgoblin barely misses you.
You closely miss the hobgoblin. You bite the hobgoblin. You drain its power.
You feel invigorated.
The hobgoblin is almost dead.
The hobgoblin completely misses you. The gnoll closely misses you.
The hobgoblin closely misses you.
You hit the hobgoblin but do no damage.
The hobgoblin is almost dead.
The hobgoblin hits you.
The gnoll hits you from afar with a +4 halberd.
The hobgoblin closely misses you.
You hit the hobgoblin but do no damage. Your bite misses the hobgoblin.
The hobgoblin is almost dead.
You hit the hobgoblin.
You kill the hobgoblin!
The hobgoblin barely misses you. The gnoll completely misses you.
The kobold hits you with a +0 short sword.
The hobgoblin barely misses you. The gnoll barely misses you.
The kobold closely misses you.
You barely miss the gnoll. Your bite misses the gnoll.
The hobgoblin misses you. The gnoll misses you.
The kobold hits you but does no damage.
You barely miss the gnoll. You bite the gnoll. You drain its power.
The gnoll is moderately wounded.
The hobgoblin barely misses you. The gnoll hits you with a +4 halberd!!
* * * LOW HITPOINT WARNING * * *
The kobold hits you but does no damage.
You hit the gnoll but do no damage. Your bite misses the gnoll.
The gnoll is moderately wounded.
The hobgoblin misses you. The gnoll misses you. The kobold closely misses you.
You closely miss the gnoll.
The gnoll is moderately wounded.
The hobgoblin barely misses you. The gnoll hits you with a +4 halberd!
You die...

.~~≈≈≈≈≈~≈≈≈ #####
#########################$$$#
.#.......#(..........(..#$g$#
.#.......')..........(..#$$$#
.#########..........))..##)#
..#..........########....†.#
..'..........# #......#
..#..........########....).#
.#########......@g......##)#
.# +.....Kg†......#...# .#
#..............#...# ##
################...# #####


You could see a gnoll, a hobgoblin and a kobold.

Vanquished Creatures
  2 ogres
  A howler monkey (D:5)
  A hound (D:4)
  An orc priest (D:4)
  6 gnolls
  2 adders
  A worm (D:3)
  2 dart slugs (D:1)
  5 orcs (D:4)
  5 bats (D:1)
  9 endoplasms
  3 giant cockroaches
  6 goblins
  12 hobgoblins
  2 jackals (D:1)
  3 quokkas
  10 ball pythons
  3 frilled lizards
  23 kobolds
  6 rats
103 creatures vanquished.

Notes
Turn   | Place    | Note
-------+----------+-------------------------------------------
     0 | D:1      | Zonian the Vine Stalker Brigand began the quest for the
                  | Orb.
     0 | D:1      | Reached XP level 1. HP: 11/11 MP: 2/2
   140 | D:1      | Found Eqajulu's Magic Scroll Emporium.
   143 | D:1      | Reached skill level 1 in Dodging
   143 | D:1      | Reached XP level 2. HP: 15/15 MP: 3/3
   171 | D:1      | Reached skill level 5 in Stealth
   311 | D:1      | Found a faded altar of an unknown god.
   348 | D:1      | Reached XP level 3. HP: 18/18 MP: 4/4
  1437 | D:3      | Gained mutation: Your natural rate of healing is unusually
                  | fast. [Vine Stalker growth]
  1437 | D:3      | Reached XP level 4. HP: 7/23 MP: 2/5
  1552 | D:3      | Noticed an ogre
  1558 | D:3      | Killed an ogre
  1559 | D:3      | Reached XP level 5. HP: 27/27 MP: 6/6
  1801 | D:3      | Found an iron altar of Okawaru.
  1870 | D:3      | Found a shimmering blue altar of Sif Muna.
  2207 | D:4      | Found Kenkioch's Distillery.
  2274 | D:4      | Found a hazy altar of Hepliaklqana.
  2282 | D:4      | Noticed an ogre
  2504 | D:4      | Found a sacrificial altar of Ru.
  2540 | D:4      | Killed an ogre
  2541 | D:4      | Reached skill level 6 in Stealth
  2541 | D:4      | Reached XP level 6. HP: 32/32 MP: 7/7
  2956 | D:5      | Entered Level 5 of the Dungeon
  3683 | D:5      | Reached XP level 7. HP: 33/36 MP: 6/8
  3804 | D:5      | Slain by a gnoll

Illustrated notes

Levels and vault maps discovered:
D:1:      enne_arrival_octagon_isle, layout_basic, serial_shops, shop,
          chequers_ecumenical_altar_simple
D:2:      layout_loops_ring, nicolae_elevator_lobby_plus
D:3:      layout_basic, lemuel_tele_altar, marbit_many_paths
D:4:      layout_loops_ring, jmf_multi_god_temple, serial_shops,
          nicolae_shop_behind_doors, minmay_quadrilaterals
D:5:      minmay_goblin_kobold_castle, layout_basic

Skill      XL: |  1  2  3  4  5  6 |
---------------+-------------------+-----
Dodging        | 1 2 |  2.5
Stealth        | 5 6 |  6.3
Fighting       | 2 3 |  3.3
Short Blades   | 2 3 |  3.4
Throwing       | 2 3 |  3.3

Action                   |  1- 3 |  4- 6 |  7- 9 || total
-------------------------+-------+-------+-------++-------
Melee: Dagger            |    99 |   112 |    67 ||   278
       Bite              |    23 |    22 |    15 ||    60
       Punch             |     1 |     2 |     1 ||     4
Throw: Dart              |       |    13 |       ||    13
  Use: Scroll            |       |     5 |       ||     5
 Stab: Sleeping          |    17 |     9 |       ||    26
       Distracted        |       |     1 |       ||     1
Armor: Robe              |    17 |    11 |    22 ||    50
Dodge: Dodged            |    40 |    66 |    72 ||   178

Table legend: (Time is in decaauts)
 A = Elapsed time spent in this place.
 B = Non-inter-level travel time spent in this place.
 C = Inter-level travel time spent in this place.
 D = Time resting spent in this place.
 E = Time spent auto-exploring this place.
 F = Levels seen in this place.
 G = Mean time per level.
                   A        B        C        D        E       F      G
               +--------+--------+--------+--------+--------+-----+--------+
         Total |   3764 |   3711 |     53 |    598 |   2242 |   5 |  752.8 |
       Dungeon |   3764 |   3711 |     53 |    598 |   2242 |   5 |  752.8 |
               +--------+--------+--------+--------+--------+-----+--------+

Top non-repeatable levels by time:
     D:4: 927 daAuts
     D:5: 830 daAuts
     D:1: 776 daAuts
     D:2: 625 daAuts
     D:3: 605 daAuts
